AoeStats
← Esrik

Glade

510380934Analyzed
1v1 RM · 20h ago on Sep 30, 2026· 22m 37s· 2 players
Game mode
Random Map
Map size
Tiny (2 player)
Population
200
Speed
Normal
Resources
Standard
Victory
Conquest
Starting age
Dark Age
Ending age
Imperial Age
RankedLock teamsTeams togetherTeam positionsShared explorationLock speedFull tech treeHidden civsTurbo modeCheats
Victory
Defeat
🇹🇷 Shu · Türkiye
1307
+15
🇸🇰 Saxons · Slovakia
1276
-15
ajja13849
12:10 Feudal Age
12:45 Double-Bit Axe
12:59 Horse Collar
19:53 Castle Age
18:35 Gold Mining
19:06 Loom
19:31 Fletching
19:43 Padded Archer Armor
21:02 Wheelbarrow
20:44 Bodkin Arrow
21:03 Bow Saw
Esrik
6:47 Loom
11:40 Feudal Age
11:45 Feudal Age
17:27 Castle Age
18:14 Wheelbarrow
17:28 Double-Bit Axe
19:28 Forging
Connection lost

Rejoining the realm…

Still unreachable

The connection could not be restored.

Session expired

The server has moved on; the page needs a fresh start.